 Dungeon Crawl Stone Soup version 0.14-a0-181-gf6fe0c6 (webtiles) character file.

172 Malachi the Vexing (level 3, -2/26 HPs)
             Began as a Vampire Arcane Marksman on Oct 7, 2013.
             Slain by an adder (3 damage)
             ... on Level 2 of the Dungeon.
             The game lasted 00:02:45 (914 turns).

Malachi the Vexing (Vampire Arcane Marksman)         Turns: 914, Time: 00:02:46

HP  -2/26        AC  2     Str 15      XL: 3   Next: 44%
MP   5/5         EV 12     Int 16      God:
Gold 126         SH  0     Dex 13      Spells:  2 memorised,  3 levels left

Res.Fire  : . . .   See Invis. : +   b - +0 bow
Res.Cold  : . . .   Warding    : .   a - +0 robe
Life Prot.: + . .   Conserve   : .   (no shield)
Res.Poison: .       Res.Corr.  : .   (no helmet)
Res.Elec. : .       Clarity    : .   (no cloak)
Sust.Abil.: . .     Spirit.Shd : .   (no gloves)
Res.Mut.  : .       Stasis     : .   (no boots)
Res.Rott. : .       Flight     : .   (no amulet)
Saprovore : . . .                    (no ring)
                                     i - ring of sustenance

@: mighty, slightly resistant to hostile enchantments, unstealthy
A: fangs 3, see invisible, unbreathing
a: Bat Form


You were on level 2 of the Dungeon.
You were not thirsty.

You visited 1 branch of the dungeon, and saw 2 of its levels.

You collected 76 gold pieces.

Inventory:

Hand weapons
 b - a +0,+0 bow (weapon)
 f - a +0,+0 elven dagger
Armour
 a - a +0 robe (worn)
Scrolls
 h - a scroll of teleportation {unknown}
 k - a scroll of enchant armour {unknown}
Jewellery
 i - a ring of sustenance (left hand)
Potions
 e - a potion of blood
 g - 2 potions of might
Books
 d - a book of Debilitation

   Spells                             Type                      Level
   *Corona                            Hexes                        1
   *Slow                              Hexes                        2
   Inner Flame                        Hexes/Fire                   3
   Enslavement                        Hexes                        4
   Cause Fear                         Hexes                        4
   Leda's Liquefaction                Hexes/Earth                  4


   Skills:
 + Level 0.8 Fighting
 + Level 2.4 Bows
 + Level 2.5 Dodging
 + Level 0.4 Stealth
 + Level 2.1 Spellcasting
 + Level 5.2 Hexes


You had 3 spell levels left.
You knew the following spells:

 Your Spells              Type           Power        Failure   Level  Hunger
a - Corona                Hex            ###....      2%          1    #......
b - Slow                  Hex            ###.....     4%          2    ###....


Dungeon Overview and Level Annotations

Branches:
Dungeon (2/27)

Altars:


Innate Abilities, Weirdness & Mutations

You have razor-sharp teeth.*
You have supernaturally acute eyesight.
You can survive without breathing.*


Message History

Firing (i - inventory):
c - 3 arrows (quivered)
Press: ? - help, Shift-Dir - straight line, f/p - adder
Aim: an adder (moderately wounded)
You shoot an arrow. The arrow hits the adder.
The adder is moderately wounded.
The adder bites you but does no damage.
Firing (i - inventory):
c - 2 arrows (quivered)
Press: ? - help, Shift-Dir - straight line, f/p - adder
Aim: an adder (moderately wounded)
You shoot an arrow. The arrow hits the adder.
The adder is severely wounded.
The adder bites you.
* * * LOW HITPOINT WARNING * * *
The adder bites you.
* * * LOW HITPOINT WARNING * * *
Firing (i - inventory):
c - an arrow (quivered)
Press: ? - help, Shift-Dir - straight line, f/p - adder
Aim: an adder (severely wounded)
You shoot an arrow. The arrow misses the adder.
The adder bites you.
You die...

###########
.!........#
..........#
...........#
#(......@<.#
#........S.#
.........(#
..........#
..(.......#
##########


You could see an adder.

Vanquished Creatures
  An adder (D:2)
  A giant mite (D:1)
  A giant gecko (D:1)
  An ooze (D:1)
  3 hobgoblins (D:1)
  2 jackals (D:1)
  2 ball pythons (D:1)
  7 bats (D:1)
  3 giant newts (D:1)
  3 goblins (D:1)
  4 kobolds (D:1)
  2 rats (D:1)
30 creatures vanquished.

Vanquished Creatures (others)
  Ijyb (D:2)
1 creature vanquished.

Grand Total: 31 creatures vanquished

Notes
Turn   | Place    | Note
--------------------------------------------------------------
     0 | D:1      | Malachi, the Vampire Arcane Marksman, began the quest for the Orb.
     0 | D:1      | Reached XP level 1. HP: 15/15 MP: 2/2
   157 | D:1      | Reached XP level 2. HP: 21/21 MP: 4/4
   371 | D:1      | Reached skill level 5 in Hexes
   541 | D:1      | Reached XP level 3. HP: 18/26 MP: 5/5
   841 | D:1      | Learned a level 2 spell: Slow
   897 | D:2      | Killed Ijyb
   913 | D:2      | HP: 1/26 [adder (3)]
   914 | D:2      | Slain by an adder

Action                   || total
-------------------------++-------
 Fire: Bow               ||    94
 Cast: Corona            ||     2
  Use: Scroll            ||     3
       Potion            ||     2
